 Dungeon Crawl Stone Soup version 0.18.1-48-g4cf74bf (webtiles) character file.

8 Ihadurca the Ruffian (level 2, 0/23 HPs)
             Began as a Draconian Transmuter on Aug 8, 2016.
             Slain by a giant gecko (3 damage)
             ... on level 1 of the Dungeon on Aug 9, 2016.
             The game lasted 00:14:01 (475 turns).

Ihadurca the Ruffian (Draconian Transmuter)          Turns: 475, Time: 00:14:02

Health: 0/23       AC:  5    Str: 12    XL:     2   Next: 0%
Magic:  5/5        EV: 12    Int: 13    God:
Gold:   18         SH:  0    Dex: 11    Spells: 1 memorised, 4 levels left

rFire  . . .     SeeInvis .     p - +0 short sword
rCold  . . .     Gourm    .     (armour unavailable)
rNeg   . . .     Faith    .     (no shield)
rPois  .         Spirit   .     (helmet restricted)
rElec  .         Dismiss  .     (no cloak)
rCorr  .         Reflect  .     (no gloves)
SustAt .         Harm     .     l - +0 pair of boots
MR     .....                    (no amulet)
Stlth  +.........               (no ring)
                                (no ring)

@: not resistant to hostile enchantments, very unstealthy
A: unfitting armour, cold-blooded, AC +4
a: no special abilities


You were on level 1 of the Dungeon.
You were not hungry.

You visited 1 branch of the dungeon, and saw 1 of its levels.

You collected 18 gold pieces.

Inventory:

Hand Weapons
 d - a +0 dagger
 f - a +0 club
 h - a +0 whip
 n - a +1 dagger of venom
 p - a +0 short sword (weapon)
 r - a +0 whip
Missiles
 a - 12 arrows
 e - 26 stones (quivered)
Armour
 l - a +0 pair of boots (worn)
Scrolls
 g - a scroll of random uselessness {unknown}
 i - 3 scrolls of noise {unknown}
 j - a scroll of amnesia {unknown}
 k - a scroll of remove curse {unknown}
 q - a scroll of teleportation {unknown}
Potions
 m - a potion of resistance {unknown}
 o - a potion of cure mutation {unknown}
Books
 b - a book of Changes

   Spells                             Type                      Level
   a - Beastly Appendage              Transmutation                1
   b - Sticks to Snakes               Transmutation                2
   c - Spider Form                    Transmutation/Poison         3
   d - Ice Form                       Ice/Transmutation            4
   e - Blade Hands                    Transmutation                5
Comestibles
 c - 2 bread rations


   Skills:
 + Level 1.1 Fighting
 + Level 1.8 Dodging
 + Level 3.2 Unarmed Combat
 + Level 2.2 Spellcasting
 + Level 2.0 Transmutations


You had 4 spell levels left.
You knew the following spells:

 Your Spells              Type           Power        Failure   Level  Hunger
a - Beastly Appendage     Trmt           #.....       12%         1    ##.....


Dungeon Overview and Level Annotations

Branches:
Dungeon (1/15)

Altars:


Innate Abilities, Weirdness & Mutations

Your plain brown scales are hard (AC +4).
Your body does not fit into most forms of armour.
You are cold-blooded and may be slowed by cold attacks.


Message History

The giant newt bites you but does no damage.
The giant gecko misses you.
You closely miss the giant newt. The giant newt barely misses you.
The giant gecko bites you but does no damage.
You barely miss the giant newt. You tail-slap the giant newt.
You kill the giant newt!
You have reached level 2!
The giant gecko bites you. The giant gecko barely misses you.
You miss the giant gecko. The giant gecko bites you.
You miss the giant gecko. The giant gecko bites you.
* * * LOW HITPOINT WARNING * * *
The giant gecko barely misses you.
You hit the giant gecko.
The giant gecko is heavily wounded.
The giant gecko bites you.
* * * LOW HITPOINT WARNING * * *
You hit the giant gecko but do no damage.
The giant gecko is heavily wounded.
The giant gecko bites you.
You die...

#......#.#####
#.............
#####.........
#......... #.........
.............
####.........
#####+#####........
######l@.......#........
#.....†........###..####
#.............. #..#
#...........### #.
#............# #
#..........#.#
#####......#..# #......#
.# #..# #......# #..#


You could see a giant gecko.

Vanquished Creatures
  A dart slug (D:1)
  A bat (D:1)
  2 giant newts (D:1)
  2 goblins (D:1)
  2 kobolds (D:1)
8 creatures vanquished.

Notes
Turn   | Place    | Note
--------------------------------------------------------------
     0 | D:1      | Ihadurca the Draconian Transmuter began the quest for the Orb.
     0 | D:1      | Reached XP level 1. HP: 16/16 MP: 3/3
   470 | D:1      | Reached XP level 2. HP: 15/23 MP: 5/5
   475 | D:1      | Slain by a giant gecko

Action                   || total
-------------------------++-------
Melee: Whip              ||    25
       Unarmed           ||    11
       Dagger            ||     5
       Tailslap          ||     3
       Short sword       ||     6
Armor: Skin              ||    25
Dodge: Dodged            ||    43
